 Dungeon Crawl Stone Soup version 0.20-a0-548-g4f8a798 (webtiles) character file.

53 Dfrag the Conjurer (level 3, -6/19 HPs)
             Began as a Gargoyle Conjurer on Feb 1, 2017.
             Killed by divine providence
             ... invoked by an orc priest
              (17 damage)
             ... on level 3 of the Dungeon.
             The game lasted 00:01:52 (1628 turns).

Dfrag the Conjurer (Gargoyle Conjurer)              Turns: 1628, Time: 00:01:53

Health: -6/19      AC:  7    Str: 11    XL:     3   Next: 89%
Magic:  2/7        EV: 12    Int: 16    God:
Gold:   136        SH:  0    Dex: 10    Spells: 5/8 levels left

rFire    . . .     SeeInvis .   h - +0 hand axe (flame)
rCold    + . .     Gourm    .   e - +2 robe {rC+}
rNeg     + . .     Faith    .   (no shield)
rPois    ∞         Spirit   .   (no helmet)
rElec    +         Reflect  .   (no cloak)
rCorr    .         Harm     .   (no gloves)
MR       .....                  (no boots)
Stlth    ++........             (no amulet)
Regen    0.1/turn               (no ring)
                                (no ring)

@: no status effects
A: negative energy resistance 1, electricity resistance, unbreathing,
petrification resistance, rot immunity, AC +3
a: no special abilities


You were on level 3 of the Dungeon.
You were hungry.

You visited 1 branch of the dungeon, and saw 3 of its levels.

You collected 136 gold pieces.

Inventory:

Hand Weapons
 h - a +0 hand axe of flaming (weapon)
Armour
 a - a +0 robe
 e - a +2 robe of cold resistance (worn)
Scrolls
 d - a scroll of identify {unknown}
 f - a scroll of enchant weapon {unknown}
 j - a scroll of immolation {unknown}
 m - a scroll of noise {unknown}
 n - 2 scrolls of amnesia {unknown}
 o - 2 scrolls of remove curse {unknown}
 p - a scroll of recharging {unknown}
Potions
 i - a potion of flight {unknown}
 k - a potion of cancellation {unknown}
 l - a potion of magic {unknown}
 q - a potion of might {unknown}
 r - a potion of invisibility {unknown}
 s - 3 potions of curing {unknown}
Books
 b - a book of Conjurations

   Spells                             Type                      Level
   a - Magic Dart                     Conjuration                  1
   b - Searing Ray                    Conjuration                  2
   c - Dazzling Spray                 Conjuration/Hexes            3
   d - Fulminant Prism                Conjuration/Hexes            4
   e - Iskenderun's Mystic Blast      Conjuration                  4
   f - Iskenderun's Battlesphere      Conjuration/Charms           5
Comestibles
 c - a bread ration
 g - 2 meat rations
 t - a royal jelly


   Skills:
 - Level 1.5 Dodging
 - Level 2.1 Stealth
 * Level 3.2 Spellcasting
 + Level 5.0 Conjurations


You had 5 spell levels left.
You knew the following spells:

 Your Spells              Type           Power        Failure   Level  Hunger
a - Magic Dart            Conj           ###.         2%          1    None
b - Searing Ray           Conj           ###...       4%          2    ##.....


Dungeon Overview and Level Annotations

Branches:
Dungeon (3/15)

Altars:
Fedhas
Okawaru
Xom


Innate Abilities, Weirdness & Mutations

You are resistant to torment.
Your stone body is resilient. (AC +3)
You are immune to poison.
You resist negative energy. (rN+)
You are resistant to electric shocks. (rElec)
You can survive without breathing.
You are immune to petrification.
You are immune to rotting.


Message History

The orc priest invokes the aid of Beogh against you.
You are unaffected.
You see here a goblin corpse.
You hit the orc priest but do no damage.
The orc priest hits you but does no damage.
You closely miss the orc priest. The orc priest barely misses you.
The orc priest hits you but does no damage.
You hit the orc priest. You burn the orc priest.
The orc priest is heavily wounded.
The orc priest closely misses you.
You hit the orc priest but do no damage.
The orc priest is heavily wounded.
The orc priest mumbles some strange prayers to Beogh against you.
Beogh smites you!
You hit the orc priest but do no damage.
The orc priest is heavily wounded.
The orc priest calls down the wrath of Beogh upon you.
Beogh smites you!
Ouch! That really hurt!
You die...

## # #####.... #
######### #.....#
###.<.#...#######.#####
##...<......)).o@.#
............#######
(...........#
..........o.#
.#......o.o##
..........##
..........# #
.........g# ####...
..........####......#


You could see an orc priest.

Vanquished Creatures
  The ghost of dogface the Conjurer, a weakling DECj (D:3)
  An ooze (D:1)
  2 worms
  4 orcs
  A giant cockroach (D:1)
  5 goblins
  A hobgoblin (D:2)
  4 jackals (D:2)
  2 bats (D:1)
  2 frilled lizards
  2 kobolds (D:1)
  2 rats (D:2)
27 creatures vanquished.

Notes
Turn   | Place    | Note
-------+----------+-------------------------------------------
     0 | D:1      | Dfrag the Gargoyle Conjurer began the quest for the Orb.
     0 | D:1      | Reached XP level 1. HP: 10/10 MP: 3/3
   161 | D:1      | Reached XP level 2. HP: 10/15 MP: 5/5
   165 | D:1      | Learned a level 2 spell: Searing Ray
   741 | D:2      | Found a blossoming altar of Fedhas.
  1084 | D:2      | Found an iron altar of Okawaru.
  1085 | D:2      | Found a shimmering altar of Xom.
  1131 | D:2      | Found a faded altar of an unknown god.
  1355 | D:2      | Reached XP level 3. HP: 12/19 MP: 4/7
  1448 | D:3      | Noticed dogface's ghost (weakling DECj)
  1454 | D:3      | Killed dogface's ghost
  1613 | D:3      | Reached skill level 5 in Conjurations
  1628 | D:3      | Killed from afar by an orc priest

Vault maps used:
D:1:      minmay_arrival_jagged
D:2:      nicolae_overflow_crystal_walls, gammafunk_temple_overflow_pools,
          chequers_ecumenical_altar_simple_redux
D:3:      first_bread, cheibriados_altar_1

Skill      XL: |  1  2  3 |
---------------+----------+-----
Spellcasting   | 3 |  3.2
Conjurations   | 5 |  5.0
Dodging        | |  1.5
Stealth        | |  2.1

Action                   || total
-------------------------++-------
Melee: Hand axe          ||    68
 Cast: Magic Dart        ||     6
       Searing Ray       ||     5
 Stab: Sleeping          ||     1
  Eat: Chunk             ||     2
Armor: Robe              ||    38
Dodge: Dodged            ||    49
